[Event "55th Rubinstein Memorial-A 2019"]
[Site "Polanica-Zdroj"]
[Date "2019.08.21"]
[Round "5.9"]
[White "Slomczewski, Michal"]
[Black "Kozak, Antoni"]
[Result "0-1"]
[ECO "A10"]
[WhiteElo "2115"]
[BlackElo "2354"]
[Annotator "NA"]
[PlyCount "106"]
[EventDate "2019.08.17"]
[EventType "swiss"]
[EventCountry "POL"]
[SourceTitle "playchess.com"]
[Source "ChessBase"]
[SourceQuality "1"]
[TimeControl "40/5400+30:1800+30"]

1. c4 b6 2. Nc3 Bb7 3. d4 Nf6 4. Nf3 e6 5. a3 g6 6. Qc2 c5 7. dxc5 bxc5 8. e4 d6 9. Bd3 Nc6 10. O-O Bg7 11. Rb1 a5 12. Nb5 O-O 13. Bd2 Qe7 14. Bc3 Nd7 15. Bxg7 Kxg7 16. Qc3+ f6 17. Nd2 g5 18. Bc2 Nde5 19. h4 Ba6 20. Rbe1 Kh8 21. hxg5 fxg5 22. Re3 Bxb5 23. cxb5 Nd4 24. a4 g4 25. f4 gxf3 26. Nxf3 Qf6 27. Bd1 Qg7 28. Nxe5 Rxf1+ 29. Kxf1 Qxe5 30. Bf3 Rg8 31. Qd2 Qh2 32. Qf2 Qh1+ 33. Qg1 Qh6 34. g3 Nc2 35. Re2 Nd4 36. Re3 d5 37. Kg2 Qf4 38. Qf2 Qg5 39. Bd1 dxe4 40. Rxe4 Nf5 41. Rxe6 Nxg3 42. Qe3 Qxe3 43. Rxe3 Nf5+ 44. Kf2 Nxe3 45. Kxe3 Kg7 46. Kd2 Rd8+ 47. Kc2 Kf6 48. Bf3 Ke5 49. Kc3 Rd4 50. b3 Kd6 51. b6 Rb4 52. b7 Kc7 53. Bd5 h5 {[%emt 0:00:04] Kd4} 0-1

[Event "55th Rubinstein Memorial-A 2019"]
[Site "Polanica-Zdroj"]
[Date "2019.08.21"]
[Round "5.10"]
[White "Psyk, Radoslaw"]
[Black "Luba, Lukasz"]
[Result "0-1"]
[ECO "B06"]
[WhiteElo "2326"]
[BlackElo "2130"]
[Annotator "NA"]
[PlyCount "120"]
[EventDate "2019.08.17"]
[EventType "swiss"]
[EventCountry "POL"]
[SourceTitle "playchess.com"]
[Source "ChessBase"]
[SourceQuality "1"]
[TimeControl "40/5400+30:1800+30"]

1. e4 d6 2. d4 g6 3. Nc3 Bg7 4. Be3 Nf6 5. Qd2 Nc6 6. d5 Ne5 7. h3 h5 8. f4 Ned7 9. Nf3 Nc5 10. Bxc5 dxc5 11. e5 Ng8 12. e6 fxe6 13. Bd3 Rh6 14. O-O-O exd5 15. Nxd5 Qd6 16. Qa5 b6 17. Bb5+ Kf8 18. Qa4 Bb7 19. Ng5 Bxd5 20. Rxd5 Qxd5 21. Bc6 Qd6 22. Bxa8 Bd4 23. Kb1 b5 24. Qb3 c4 25. Qxb5 Qb6 26. Bd5 Qxb5 27. Ne6+ Kf7 28. Nxc7+ Qxd5 29. Nxd5 Nf6 30. Rd1 Bc5 31. Nxf6 exf6 32. Rd7+ Ke6 33. Rc7 Kd6 34. Rg7 Be3 35. b3 c3 36. b4 h4 37. a4 Kd5 38. Rc7 Bd4 39. Ka2 Ke4 40. Kb3 Kxf4 41. Kc4 Bb6 42. Rf7 g5 43. a5 Bf2 44. Kxc3 Kg3 45. Kd3 Kxg2 46. c4 g4 47. Rg7 Kxh3 48. c5 Rh8 49. Rxa7 Rg8 50. Kc4 g3 51. Rd7 g2 52. Rd1 g1=Q 53. Rxg1 Rxg1 54. c6 Rc1+ 55. Kd5 Be1 56. a6 Bf2 57. Kd6 Bb6 58. Kd7 Kg4 59. b5 h3 60. Kc8 h2 0-1

[Event "55th Rubinstein Memorial-A 2019"]
[Site "Polanica-Zdroj"]
[Date "2019.08.21"]
[Round "5.11"]
[White "Malicka, Maria"]
[Black "Kucza, Karol"]
[Result "0-1"]
[ECO "B66"]
[WhiteElo "2062"]
[BlackElo "2296"]
[Annotator "NA"]
[PlyCount "76"]
[EventDate "2019.08.17"]
[EventType "swiss"]
[EventCountry "POL"]
[SourceTitle "playchess.com"]
[Source "ChessBase"]
[SourceQuality "1"]
[TimeControl "40/5400+30:1800+30"]

1. e4 c5 2. Nf3 d6 3. d4 cxd4 4. Nxd4 Nf6 5. Nc3 Nc6 6. Bg5 e6 7. Qd2 a6 8. Nxc6 bxc6 9. O-O-O Qa5 10. Kb1 Be7 11. Bxf6 gxf6 12. Bc4 Bd7 13. f4 Qb4 14. Bb3 a5 15. f5 Rb8 16. Rhe1 c5 17. a3 Qb7 18. Qc1 Bf8 19. Ka1 c4 20. Bxc4 Bh6 21. Qb1 Bf4 22. Qa2 Ke7 23. a4 Bxh2 24. Nb5 Be5 25. c3 Rhg8 26. Re2 Rg4 27. fxe6 fxe6 28. Rh1 Rh8 29. Qb1 d5 30. exd5 Rxc4 31. Rxh7+ Rxh7 32. Qxh7+ Kd8 33. Qg8+ Be8 34. dxe6 Rxa4+ 35. Na3 Rxa3+ 36. bxa3 Bxc3+ 37. Ka2 Qd5+ 38. Kb1 Qd1+ 0-1

[Event "55th Rubinstein Memorial-A 2019"]
[Site "Polanica-Zdroj"]
[Date "2019.08.21"]
[Round "5.12"]
[White "Mis, Mieszko"]
[Black "Praczukowski, Stanislaw"]
[Result "1/2-1/2"]
[ECO "D91"]
[WhiteElo "2296"]
[BlackElo "2126"]
[Annotator "NA"]
[PlyCount "187"]
[EventDate "2019.08.17"]
[EventType "swiss"]
[EventCountry "POL"]
[SourceTitle "playchess.com"]
[Source "ChessBase"]
[SourceQuality "1"]
[TimeControl "40/5400+30:1800+30"]

1. d4 Nf6 2. c4 g6 3. Nc3 d5 4. Nf3 Bg7 5. Bg5 Ne4 6. h4 Nxc3 7. bxc3 O-O 8. e3 h6 9. Bf4 c5 10. cxd5 Qxd5 11. Be2 Nc6 12. O-O Bg4 13. Rb1 Rfd8 14. Qa4 a6 15. c4 Qd7 16. d5 Nd4 17. Qd1 Nxe2+ 18. Qxe2 b5 19. e4 bxc4 20. Qe3 Bxf3 21. Qxf3 c3 22. Qg3 Qa4 23. Rbe1 c2 24. Be5 c1=Q 25. Rxc1 Qxe4 26. Bxg7 Kxg7 27. Qc3+ Qd4 28. Qxc5 Rxd5 29. Qxe7 Rd7 30. Qc5 Qxh4 31. Rfd1 Rad8 32. Rxd7 Rxd7 33. Qe5+ Kh7 34. g3 Qe7 35. Qf4 Qd6 36. Qc4 Qd3 37. Qc6 Rd6 38. Qe8 Rf6 39. Qe1 h5 40. Qc3 Qf5 41. Qd4 Re6 42. a3 Qe5 43. Qb4 Qe4 44. Rc7 Qxb4 45. axb4 Kg7 46. Rb7 Re5 47. Rb6 Rb5 48. Rxa6 Rxb4 49. Kg2 Rb5 50. Rc6 Rf5 51. Rd6 Kh6 52. Rd7 Kg5 53. Rd4 Ra5 54. Rc4 f6 55. Rd4 Ra2 56. Rc4 Re2 57. Rd4 f5 58. Kf3 Re8 59. Rc4 Rh8 60. Rh4 Ra8 61. Rc4 Ra3+ 62. Kg2 Ra6 63. Rb4 Kh6 64. Rc4 Rf6 65. Kf3 g5 66. Rb4 Ra6 67. Kg2 Kg6 68. Rb8 g4 69. Rc8 Rf6 70. Rc4 Kg5 71. Rc5 h4 72. gxh4+ Kxh4 73. Rc8 Ra6 74. Rg8 Rb6 75. Rf8 Kg5 76. Rg8+ Kf4 77. Rc8 Rb2 78. Rc4+ Kg5 79. Rc5 Rb3 80. Ra5 Rf3 81. Rb5 Kh4 82. Rb8 Ra3 83. Rg8 Ra2 84. Rf8 Kg5 85. Rb8 f4 86. Rg8+ Kf5 87. Rf8+ Ke4 88. Re8+ Kd3 89. Rd8+ Ke2 90. Re8+ Kd1 91. Re4 g3 92. Rxf4 gxf2 93. Rxf2 Rxf2+ 94. Kxf2 1/2-1/2

[Event "55th Rubinstein Memorial-A 2019"]
[Site "Polanica-Zdroj"]
[Date "2019.08.21"]
[Round "5.13"]
[White "Domanski, Lukasz"]
[Black "Lapaj, Mateusz"]
[Result "1-0"]
[ECO "B31"]
[WhiteElo "2058"]
[BlackElo "2233"]
[Annotator "NA"]
[PlyCount "45"]
[EventDate "2019.08.17"]
[EventType "swiss"]
[EventCountry "POL"]
[SourceTitle "playchess.com"]
[Source "ChessBase"]
[SourceQuality "1"]
[TimeControl "40/5400+30:1800+30"]

1. e4 c5 2. Nf3 Nc6 3. Bb5 g6 4. O-O Bg7 5. Re1 Nf6 6. e5 Nd5 7. Nc3 Nxc3 8. dxc3 O-O 9. Bg5 Qc7 10. Qd5 b6 11. Rad1 a6 12. Bc4 Rb8 13. Qe4 Bb7 14. Qh4 Nxe5 15. Nxe5 Bxe5 16. Bxe7 Rfe8 17. f4 Bg7 18. Bd6 Qc6 19. Bd5 Rxe1+ 20. Qxe1 Qxd6 21. Bxf7+ Kxf7 22. Rxd6 Bc6 23. Qh4 1-0

[Event "55th Rubinstein Memorial-A 2019"]
[Site "Polanica-Zdroj"]
[Date "2019.08.21"]
[Round "5.14"]
[White "Siekanski, Janusz"]
[Black "Zych, Marek"]
[Result "0-1"]
[ECO "D85"]
[WhiteElo "2263"]
[BlackElo "2061"]
[Annotator "NA"]
[PlyCount "78"]
[EventDate "2019.08.17"]
[EventType "swiss"]
[EventCountry "POL"]
[SourceTitle "playchess.com"]
[Source "ChessBase"]
[SourceQuality "1"]
[TimeControl "40/5400+30:1800+30"]

1. d4 Nf6 2. c4 g6 3. Nc3 d5 4. cxd5 Nxd5 5. e4 Nxc3 6. bxc3 Bg7 7. Be3 c5 8. Qd2 cxd4 9. cxd4 O-O 10. Nf3 Nc6 11. Rc1 Bg4 12. d5 Bxf3 13. gxf3 Ne5 14. Be2 Qd7 15. h3 Rfc8 16. f4 Rxc1+ 17. Qxc1 Rc8 18. Qa3 Nc4 19. Qxa7 Nxe3 20. Qxe3 Rc3 21. Qd2 Rxh3 22. Rxh3 Qxh3 23. e5 Qh1+ 24. Bf1 Qe4+ 25. Be2 Bh6 26. d6 Bxf4 27. Qd3 Qb4+ 28. Kf1 exd6 29. exd6 Qxd6 30. Qxd6 Bxd6 31. a4 b6 32. Bb5 Kg7 33. Be8 f5 34. Kg2 g5 35. f3 Kf6 36. Bh5 Ke5 37. Bf7 Kf4 38. Bh5 g4 39. Bf7 Kg5 0-1

[Event "55th Rubinstein Memorial-A 2019"]
[Site "Polanica-Zdroj"]
[Date "2019.08.21"]
[Round "5.15"]
[White "Lukasiewicz, Krzysztof"]
[Black "Wysocki, Mateusz"]
[Result "1-0"]
[ECO "B43"]
[WhiteElo "2185"]
[BlackElo "1786"]
[Annotator "NA"]
[PlyCount "69"]
[EventDate "2019.08.17"]
[EventType "swiss"]
[EventCountry "POL"]
[SourceTitle "playchess.com"]
[Source "ChessBase"]
[SourceQuality "1"]
[TimeControl "40/5400+30:1800+30"]

1. e4 c5 2. Nf3 e6 3. d4 cxd4 4. Nxd4 a6 5. Nc3 Qc7 6. g3 Nc6 7. Bg2 Nf6 8. O-O Be7 9. Re1 d6 10. Nxc6 bxc6 11. e5 dxe5 12. Rxe5 O-O 13. Bf4 Bd6 14. Rxe6 Bxe6 15. Bxd6 Qb6 16. Bxf8 Rxf8 17. b3 Rd8 18. Qe1 Bf5 19. Rc1 c5 20. Qe5 Bg6 21. Na4 Qb4 22. Qxc5 Qd2 23. Qe3 Bxc2 24. Qxd2 Rxd2 25. Nc5 h5 26. Nxa6 Ng4 27. Nb4 Bd1 28. Rc8+ Kh7 29. Rc5 g6 30. Rd5 Rxf2 31. Rxd1 Rxg2+ 32. Kxg2 Ne3+ 33. Kf3 Nxd1 34. Nd5 Nb2 35. Ke4 1-0

[Event "55th Rubinstein Memorial-A 2019"]
[Site "Polanica-Zdroj"]
[Date "2019.08.21"]
[Round "5.16"]
[White "Kozlowski, Pawel"]
[Black "Niedbala, Bartlomiej"]
[Result "0-1"]
[ECO "A02"]
[WhiteElo "1763"]
[BlackElo "2169"]
[Annotator "NA"]
[PlyCount "122"]
[EventDate "2019.08.17"]
[EventType "swiss"]
[EventCountry "POL"]
[SourceTitle "playchess.com"]
[Source "ChessBase"]
[SourceQuality "1"]
[TimeControl "40/5400+30:1800+30"]

1. f4 Nh6 2. Nf3 d5 3. b3 Bg4 4. e3 Nf5 5. Be2 e6 6. O-O Bxf3 7. Bxf3 Qf6 8. d4 c6 9. Qd3 Nd7 10. c4 h5 11. Nc3 g6 12. Bd2 Bg7 13. cxd5 exd5 14. Bxd5 cxd5 15. Nxd5 Qd8 16. Bb4 Nf6 17. Qb5+ Qd7 18. Nc7+ Kd8 19. Qxd7+ Kxd7 20. Nxa8 Rxa8 21. Bd2 Ne4 22. Rad1 Nxd2 23. Rxd2 Nxe3 24. Re1 Nf5 25. Red1 Re8 26. g3 Kd6 27. d5 Re4 28. Rc1 Bd4+ 29. Kg2 Be3 30. Re1 Rxf4 31. gxf4 Bxd2 32. Re8 Kxd5 33. Rd8+ Nd6 34. Kf3 Bc3 35. Rd7 Bf6 36. Rc7 a5 37. a4 b6 38. h3 Bd4 39. Rd7 Bc5 40. Re7 Kd4 41. f5 g5 42. f6 Kd5 43. h4 gxh4 44. Kf4 h3 45. Re5+ Kc6 46. Rxh5 Bd4 47. Rxh3 Bxf6 48. Rh5 Bd4 49. Kf3 f6 50. Ke2 f5 51. Kd3 Bc5 52. Rh4 Kd5 53. Rh5 Ke5 54. Rh8 Kf4 55. Ke2 Ke4 56. Rh3 f4 57. Rh6 f3+ 58. Kf1 Nf5 59. Re6+ Kd3 60. Rg6 Kc3 61. Rg5 Nd4 0-1

[Event "55th Rubinstein Memorial-A 2019"]
[Site "Polanica-Zdroj"]
[Date "2019.08.21"]
[Round "5.17"]
[White "Mazalon, Mariusz"]
[Black "Skiba, Aleksandra"]
[Result "1-0"]
[ECO "E06"]
[WhiteElo "2012"]
[BlackElo "1703"]
[Annotator "NA"]
[PlyCount "71"]
[EventDate "2019.08.17"]
[EventType "swiss"]
[EventCountry "POL"]
[SourceTitle "playchess.com"]
[Source "ChessBase"]
[SourceQuality "1"]
[TimeControl "40/5400+30:1800+30"]

1. d4 Nf6 2. c4 e6 3. Nf3 d5 4. g3 Be7 5. Bg2 O-O 6. O-O dxc4 7. Na3 Bxa3 8. bxa3 Bd7 9. Ne5 Bc6 10. f3 b5 11. a4 a6 12. Ba3 Nd5 13. Bxf8 Ne3 14. Qd2 Nxf1 15. Rxf1 Qxf8 16. Rb1 Qd6 17. e3 Be8 18. f4 Ra7 19. Nxc4 Qd8 20. Qb2 c6 21. Qb4 a5 22. Qc5 Ra6 23. Nd6 b4 24. Rc1 Nd7 25. Qc4 Nb8 26. Nxe8 Qxe8 27. Qc5 g6 28. Qd6 c5 29. Qxc5 Nd7 30. Qb5 Ra7 31. Bb7 Qe7 32. Rc7 b3 33. axb3 Qa3 34. Qxd7 Qa1+ 35. Kg2 Qa2+ 36. Kh3 1-0

[Event "55th Rubinstein Memorial-A 2019"]
[Site "Polanica-Zdroj"]
[Date "2019.08.21"]
[Round "5.18"]
[White "Rak, Maciej"]
[Black "Kopica, Paulina"]
[Result "1/2-1/2"]
[ECO "C03"]
[WhiteElo "1779"]
[BlackElo "1932"]
[Annotator "NA"]
[PlyCount "61"]
[EventDate "2019.08.17"]
[EventType "swiss"]
[EventCountry "POL"]
[SourceTitle "playchess.com"]
[Source "ChessBase"]
[SourceQuality "1"]
[TimeControl "40/5400+30:1800+30"]

1. e4 e6 2. d4 d5 3. Nd2 a6 4. Bd3 c5 5. dxc5 Bxc5 6. Ngf3 Nc6 7. O-O Nge7 8. exd5 exd5 9. Nb3 Bb6 10. c3 Bf5 11. Bxf5 Nxf5 12. Re1+ Nfe7 13. Bg5 O-O 14. Nbd4 Qd7 15. Bxe7 Nxe7 16. Qd3 Ng6 17. Ne5 Nxe5 18. Rxe5 Bc7 19. Re2 Rfe8 20. Rae1 Rxe2 21. Qxe2 g6 22. g3 Kf8 23. Qf3 Re8 24. Rd1 Be5 25. Kg2 Qa4 26. a3 Kg7 27. Rd2 Rd8 28. h4 h5 29. Qd1 Qxd1 30. Rxd1 Kf6 31. Kf3 1/2-1/2

[Event "55th Rubinstein Memorial-A 2019"]
[Site "Polanica-Zdroj"]
[Date "2019.08.21"]
[Round "5.19"]
[White "Rogacewicz, Mikolaj"]
[Black "Wloch, Mikolaj"]
[Result "1-0"]
[ECO "D11"]
[WhiteElo "1925"]
[BlackElo "1771"]
[Annotator "NA"]
[PlyCount "79"]
[EventDate "2019.08.17"]
[EventType "swiss"]
[EventCountry "POL"]
[SourceTitle "playchess.com"]
[Source "ChessBase"]
[SourceQuality "1"]
[TimeControl "40/5400+30:1800+30"]

1. d4 d5 2. c4 c6 3. Nf3 Nf6 4. e3 e6 5. b3 Bd6 6. Bb2 O-O 7. Bd3 dxc4 8. bxc4 Nbd7 9. O-O Re8 10. Ne5 c5 11. Nd2 Qc7 12. Ndf3 h6 13. a4 b6 14. a5 Bb7 15. h3 Rad8 16. Qc2 Bxf3 17. Nxf3 e5 18. axb6 axb6 19. dxe5 Nxe5 20. Be2 Nfd7 21. Ra4 Nc6 22. Bc3 Nde5 23. Rfa1 Qe7 24. Qb2 Bc7 25. Ne1 Qe6 26. Nf3 Qd6 27. g3 Qg6 28. Nh4 Qe6 29. Kg2 f6 30. Qc2 Ne7 31. Nf3 N7c6 32. Rb1 Re7 33. Nh4 Red7 34. Qf5 Qe7 35. Qe4 Qf7 36. f4 Nd3 37. Qxc6 g5 38. Nf5 Qg6 39. Bxd3 Rxd3 40. Ne7+ 1-0

[Event "55th Rubinstein Memorial-A 2019"]
[Site "Polanica-Zdroj"]
[Date "2019.08.21"]
[Round "5.20"]
[White "Siekanska, Maria"]
[Black "Szczurek, Krzysztof"]
[Result "0-1"]
[ECO "E95"]
[WhiteElo "1677"]
[BlackElo "2112"]
[Annotator "NA"]
[PlyCount "72"]
[EventDate "2019.08.17"]
[EventType "swiss"]
[EventCountry "POL"]
[SourceTitle "playchess.com"]
[Source "ChessBase"]
[SourceQuality "1"]
[TimeControl "40/5400+30:1800+30"]

1. d4 Nf6 2. c4 g6 3. Nc3 Bg7 4. e4 d6 5. Nf3 O-O 6. Be2 Nbd7 7. O-O e5 8. Re1 c6 9. Bf1 Qe7 10. d5 c5 11. Rb1 h6 12. b4 Nh7 13. Be3 cxb4 14. Rxb4 f5 15. Nb5 fxe4 16. Nd2 Nc5 17. Bxc5 dxc5 18. Rb2 Nf6 19. Nc3 Bf5 20. g3 e3 21. Rxe3 Ng4 22. Nde4 Nxe3 23. fxe3 b6 24. Bg2 Rad8 25. Qe1 h5 26. h3 Bh6 27. Re2 Kh8 28. Qd1 Rf7 29. Qe1 g5 30. Qd1 Rff8 31. Qe1 Bg6 32. Qd1 Qh7 33. Qe1 Rf7 34. Qd1 g4 35. h4 Rf3 36. Bxf3 gxf3 0-1

[Event "55th Rubinstein Memorial-A 2019"]
[Site "Polanica-Zdroj"]
[Date "2019.08.21"]
[Round "5.21"]
[White "Galuszka, Kamil"]
[Black "Adamczyk, Zuzanna"]
[Result "1/2-1/2"]
[ECO "B20"]
[WhiteElo "2058"]
[BlackElo "1911"]
[Annotator "NA"]
[PlyCount "101"]
[EventDate "2019.08.17"]
[EventType "swiss"]
[EventCountry "POL"]
[SourceTitle "playchess.com"]
[Source "ChessBase"]
[SourceQuality "1"]
[TimeControl "40/5400+30:1800+30"]

1. e4 c5 2. Qe2 Nc6 3. Nf3 e6 4. g3 g6 5. Bg2 Bg7 6. O-O Nge7 7. e5 d6 8. exd6 Qxd6 9. Nc3 b6 10. Rd1 a6 11. d4 cxd4 12. Ne4 Qd7 13. c3 O-O 14. cxd4 Bb7 15. Be3 Nd5 16. Nc3 Nce7 17. Rac1 Rfd8 18. Bg5 f6 19. Bd2 Bc6 20. Re1 Nxc3 21. bxc3 Kf7 22. g4 Rac8 23. g5 f5 24. Bf4 b5 25. Ne5+ Bxe5 26. Qxe5 Ng8 27. Qh8 Kf8 28. Be5 Bxg2 29. Kxg2 Qd5+ 30. Kg1 Rd7 31. Re3 Rf7 32. Rce1 Re8 33. Rh3 Qd7 34. Bf4 Rg7 35. a3 Ra8 36. Rhe3 Re8 37. Re5 Kf7 38. Rc5 Ne7 39. Rc7 Qd8 40. Qxe8+ Qxe8 41. Bd6 Kg8 42. Rxe6 Qd8 43. Be5 Rf7 44. Rb7 Nc8 45. Rb8 Qxg5+ 46. Kf1 Rf8 47. Rb7 Qc1+ 48. Kg2 Qg5+ 49. Kf1 Qc1+ 50. Kg2 Qh6 51. Rc6 1/2-1/2

[Event "55th Rubinstein Memorial-A 2019"]
[Site "Polanica-Zdroj"]
[Date "2019.08.21"]
[Round "5.22"]
[White "Grochol, Kamil"]
[Black "Rosicki, Marcin"]
[Result "0-1"]
[ECO "A43"]
[WhiteElo "1837"]
[BlackElo "2042"]
[Annotator "NA"]
[PlyCount "70"]
[EventDate "2019.08.17"]
[EventType "swiss"]
[EventCountry "POL"]
[SourceTitle "playchess.com"]
[Source "ChessBase"]
[SourceQuality "1"]
[TimeControl "40/5400+30:1800+30"]

1. d4 c5 2. c3 e6 3. Nf3 d5 4. Bf4 Nc6 5. e3 Nf6 6. Nbd2 Be7 7. Ne5 O-O 8. Bd3 Re8 9. h4 Qb6 10. Rb1 cxd4 11. exd4 h5 12. Ndf3 Nxe5 13. Nxe5 Bd6 14. O-O Ng4 15. Qf3 Bxe5 16. Bxe5 Bd7 17. Rfe1 Bb5 18. Bc2 Qd8 19. Qg3 Kf8 20. Bd6+ Kg8 21. f3 Nh6 22. Be5 f6 23. Bf4 Nf5 24. Qg6 Re7 25. g4 Be8 26. Bxf5 Bxg6 27. Bxg6 hxg4 28. fxg4 e5 29. dxe5 fxe5 30. Bg5 Qb6+ 31. Kg2 Qxg6 32. Bxe7 Qxg4+ 33. Kh2 Re8 34. Bg5 Rf8 35. Rf1 Qe2+ 0-1

[Event "55th Rubinstein Memorial-A 2019"]
[Site "Polanica-Zdroj"]
[Date "2019.08.21"]
[Round "5.23"]
[White "Jedynak, January"]
[Black "Czarniecka, Aleksandra"]
[Result "0-1"]
[ECO "B52"]
[WhiteElo "1822"]
[BlackElo "2042"]
[Annotator "NA"]
[PlyCount "120"]
[EventDate "2019.08.17"]
[EventType "swiss"]
[EventCountry "POL"]
[SourceTitle "playchess.com"]
[Source "ChessBase"]
[SourceQuality "1"]
[TimeControl "40/5400+30:1800+30"]

1. e4 c5 2. Nf3 d6 3. Bb5+ Bd7 4. Bxd7+ Qxd7 5. c4 Nc6 6. Nc3 g6 7. d4 cxd4 8. Nxd4 Bg7 9. Be3 Nf6 10. f3 O-O 11. O-O a6 12. a4 e6 13. Rc1 Ne5 14. b3 Qc7 15. Qd2 Nfd7 16. Rfd1 Nc5 17. Rb1 Rfd8 18. h3 b6 19. f4 Nc6 20. f5 Ne5 21. Qf2 Qe7 22. Kh1 Rac8 23. Rf1 Ncd7 24. Rbd1 h6 25. Qd2 Kh7 26. Nde2 Nc5 27. Nd4 Nxb3 28. Nxb3 Nxc4 29. Nd5 Nxd2 30. Nxe7 Nxf1 31. Nxc8 Nxe3 32. Rc1 gxf5 33. exf5 Nxf5 34. Nxb6 Ng3+ 35. Kh2 Be5 36. Rc6 d5 37. Nc5 Ne2+ 38. Kh1 Nd4 39. Rc8 Rxc8 40. Nxc8 a5 41. Nb7 Bc7 42. Kg1 Nc6 43. Kf2 Kg6 44. Ke3 f5 45. Nc5 d4+ 46. Kd3 e5 47. Kc4 e4 48. Kb5 d3 49. Nb3 Nd4+ 50. Nxd4 d2 51. Ne7+ Kf7 52. Nexf5 d1=Q 53. Nxh6+ Kg6 54. Nhf5 Be5 55. Ne7+ Kf7 56. Ndc6 e3 57. Kxa5 e2 58. Nxe5+ Kxe7 59. Nf3 e1=Q+ 60. Nxe1 Qxe1+ 0-1

[Event "55th Rubinstein Memorial-A 2019"]
[Site "Polanica-Zdroj"]
[Date "2019.08.21"]
[Round "5.24"]
[White "Betkowski, Andrzej"]
[Black "Pluta, Natalia"]
[Result "1-0"]
[ECO "D00"]
[WhiteElo "2023"]
[BlackElo "1808"]
[Annotator "NA"]
[PlyCount "105"]
[EventDate "2019.08.17"]
[EventType "swiss"]
[EventCountry "POL"]
[SourceTitle "playchess.com"]
[Source "ChessBase"]
[SourceQuality "1"]
[TimeControl "40/5400+30:1800+30"]

1. d4 d5 2. Bf4 Nf6 3. e3 c5 4. c3 Nc6 5. Nd2 Bg4 6. Ngf3 e6 7. Qb3 Qb6 8. Be2 Be7 9. h3 Bh5 10. g4 Bg6 11. Ne5 O-O 12. h4 Qxb3 13. axb3 cxd4 14. exd4 h6 15. g5 hxg5 16. hxg5 Ne4 17. Nxg6 fxg6 18. Bg4 Nd8 19. Be3 Nxg5 20. Ke2 Ndf7 21. f4 Nh6 22. Rxh6 gxh6 23. fxg5 Rae8 24. gxh6 a6 25. Bxe6+ Kh7 26. Bxd5 Bg5 27. Ne4 Bxe3 28. Kxe3 Re7 29. Rh1 Rf5 30. c4 Rh5 31. Rxh5 gxh5 32. Kf4 Kxh6 33. Nd6 Re2 34. Bxb7 Rxb2 35. c5 h4 36. Nf5+ Kg6 37. Nxh4+ Kf6 38. c6 Rf2+ 39. Nf3 Rc2 40. d5 Ke7 41. Bxa6 Kd6 42. Bc4 Rf2 43. Ke4 Rg2 44. Nd4 Rg4+ 45. Kd3 Rg3+ 46. Kc2 Kc7 47. Nb5+ Kb6 48. c7 Rg2+ 49. Kc3 Rg3+ 50. Kb4 Rg8 51. d6 Ra8 52. d7 Rh8 53. d8=Q 1-0

[Event "55th Rubinstein Memorial-A 2019"]
[Site "Polanica-Zdroj"]
[Date "2019.08.21"]
[Round "5.26"]
[White "Kacprzak, Karol"]
[Black "Goraj, Barbara"]
[Result "0-1"]
[ECO "B88"]
[WhiteElo "1973"]
[BlackElo "1800"]
[Annotator "NA"]
[PlyCount "76"]
[EventDate "2019.08.17"]
[EventType "swiss"]
[EventCountry "POL"]
[SourceTitle "playchess.com"]
[Source "ChessBase"]
[SourceQuality "1"]
[TimeControl "40/5400+30:1800+30"]

1. e4 c5 2. Nf3 d6 3. d4 cxd4 4. Nxd4 Nf6 5. Nc3 Nc6 6. Bc4 e6 7. Bb3 a6 8. f4 Qc7 9. Be3 b5 10. a3 Na5 11. Qe2 Nxb3 12. Nxb3 Bb7 13. Bd4 Rc8 14. O-O-O Be7 15. Kb1 O-O 16. Rhe1 Ba8 17. f5 e5 18. Bf2 Qb8 19. g4 Rxc3 20. bxc3 Nxe4 21. Kb2 Rc8 22. Rd3 Qc7 23. Qe3 Bg5 24. Qb6 Nxf2 25. Qxf2 a5 26. h4 Bf4 27. Qe2 Kf8 28. g5 e4 29. Rh3 Be5 30. Kb1 Bxc3 31. Rd1 a4 32. Nd2 d5 33. f6 b4 34. fxg7+ Bxg7 35. Nf1 Qe5 36. c3 Rxc3 37. Rxc3 Qxc3 38. Qa2 b3 0-1

[Event "55th Rubinstein Memorial-A 2019"]
[Site "Polanica-Zdroj"]
[Date "2019.08.21"]
[Round "5.27"]
[White "Galant, Ireneusz"]
[Black "Rosol, Alexander"]
[Result "1/2-1/2"]
[ECO "A41"]
[WhiteElo "1774"]
[BlackElo "1968"]
[Annotator "NA"]
[PlyCount "69"]
[EventDate "2019.08.17"]
[EventType "swiss"]
[EventCountry "POL"]
[SourceTitle "playchess.com"]
[Source "ChessBase"]
[SourceQuality "1"]
[TimeControl "40/5400+30:1800+30"]

1. d4 d6 2. Bf4 Nf6 3. Nc3 g6 4. e3 Bg7 5. Be2 Nbd7 6. Nf3 c6 7. Qd2 Qa5 8. Ne4 Qc7 9. Nxf6+ Nxf6 10. Bd3 Nh5 11. Bg3 O-O 12. O-O-O b5 13. Kb1 a5 14. h3 Nxg3 15. fxg3 b4 16. g4 c5 17. dxc5 dxc5 18. Bc4 a4 19. Rhf1 h6 20. Qd3 Kh7 21. g5 Bf5 22. e4 Rad8 23. Qe2 Be6 24. gxh6 Bxh6 25. Bxe6 fxe6 26. h4 c4 27. Rxd8 Rxd8 28. Ng5+ Bxg5 29. hxg5 Qd7 30. Qf3 Kh8 31. Qh3+ Kg8 32. Qf3 Kh8 33. Qh3+ Kg8 34. Qf3 Kh8 35. Qh3+ 1/2-1/2

[Event "55th Rubinstein Memorial-A 2019"]
[Site "Polanica-Zdroj"]
[Date "2019.08.22"]
[Round "6.1"]
[White "Grabarczyk, Miroslaw"]
[Black "Warakomski, Tomasz"]
[Result "0-1"]
[ECO "D14"]
[WhiteElo "2362"]
[BlackElo "2497"]
[Annotator "ChessBase"]
[PlyCount "149"]
[EventDate "2019.08.17"]
[EventType "swiss"]
[EventCountry "POL"]
[SourceTitle "playchess.com"]
[Source "ChessBase"]
[SourceQuality "1"]
[TimeControl "40/5400+30:1800+30"]

1. d4 d5 2. c4 c6 3. cxd5 cxd5 4. Nc3 Nf6 5. Nf3 Nc6 6. Bf4 Bf5 7. e3 e6 8. Bd3 Bxd3 9. Qxd3 Bd6 10. Bxd6 Qxd6 11. O-O O-O 12. Rfc1 Rfc8 13. a3 a6 14. Rc2 Rc7 15. Rac1 Rac8 16. Na4 Nd7 17. b4 a5 18. b5 Na7 19. Ne1 Rxc2 20. Rxc2 Rxc2 21. Nxc2 Qc7 22. h3 g6 23. Qb3 b6 24. Nc3 Nf6 25. Ne1 Nc8 26. Nd3 Ne4 27. Nxe4 dxe4 28. Ne5 Qc1+ 29. Kh2 Nd6 30. d5 exd5 31. Qxd5 Qxa3 32. Nd7 Ne8 33. g3 Qd6 34. Qb7 Qe6 35. Nxb6 Qf5 36. Kg2 Qxb5 37. Qxe4 Nc7 38. Qb7 Ne6 39. Qa8+ Kg7 40. Nd5 Nc5 41. Qc8 Ne4 42. Nc3 Qc5 43. Qxc5 Nxc5 44. e4 f6 45. Kf3 a4 46. Nb5 Nb7 47. Ke3 Nd6 48. Na3 Kf7 49. Kd4 Ke6 50. Nc2 f5 51. exf5+ Nxf5+ 52. Ke4 Nd6+ 53. Kd4 Kf6 54. Kd5 Nb5 55. Kc4 Nc7 56. Ne3 Ke5 57. Ng4+ Kf5 58. f3 Ne6 59. Ne3+ Kf6 60. Ng4+ Ke7 61. f4 Ng7 62. Ne3 Nh5 63. f5 g5 64. h4 Kf6 65. hxg5+ Kxg5 66. f6 Nxf6 67. Kb4 Ne4 68. Kxa4 Nxg3 69. Kb3 h5 70. Ng2 Kg4 71. Kc3 Nf5 72. Kd3 Kg3 73. Ne1 h4 74. Ke4 Nd4 75. Kxd4 0-1